 Dungeon Crawl Stone Soup version 0.17-a0-1900-g45e8110 (webtiles) character file.

357 ololoev the Chopper (level 6, 0/57 HPs)
             Began as a Deep Dwarf Fighter on Sept 24, 2015.
             Killed by nerve-wracking pain
             ... invoked by an orc priest
              (7 damage)
             ... on level 5 of the Dungeon.
             The game lasted 00:07:02 (863 turns).

ololoev the Chopper (Deep Dwarf Fighter)             Turns: 863, Time: 00:07:02

Health: 0/57       AC:  7    Str: 22    XL:     6   Next: 36%
Magic:  3/3        EV:  7    Int:  8    God:
Gold:   55         SH:  9    Dex: 12    Spells: 0 memorised, 5 levels left

rFire  . . .     SeeInvis .     a - +0 war axe
rCold  . . .     Clarity  .     b - +0 scale mail
rNeg   . . .     SustAt   .     c - +0 shield
rPois  .         Gourm    .     (no helmet)
rElec  .         Spirit   .     (no cloak)
rCorr  .         Warding  .     (no gloves)
rMut   .         Stasis   .     (no boots)
MR     .....                    (no amulet)
Stlth  ..........               (no ring)
                                (no ring)

@: non-regenerating, not resistant to hostile enchantments, extremely unstealthy
A: damage resistance, recharge devices, sense surroundings 1, slow healing 3
a: Device Recharging


Innate Abilities, Weirdness & Mutations

You are resistant to damage.
You can recharge devices by infusing magical energy.
You passively map a small area around you.
You do not heal naturally.

Inventory:

Hand weapons
 a - a +0 war axe (weapon)
Armour
 b - a +0 scale mail (worn)
 c - a +0 shield (worn)
 q - a +0 pair of gloves
Magical devices
 e - a wand of heal wounds (5)
 h - a wand of magic darts (13)
Scrolls
 g - 4 scrolls of amnesia {unknown}
 j - a scroll of remove curse {unknown}
 k - a scroll of identify {unknown}
 l - a scroll of fear {unknown}
 n - 2 scrolls of magic mapping {unknown}
 o - 3 scrolls of immolation {unknown}
 r - 2 scrolls of fog {unknown}
Potions
 d - a potion of might
 i - a potion of heal wounds {unknown}
Comestibles
 f - 2 bread rations
 m - a beef jerky
 p - 3 fruits


   Skills:
 + Level 4.1 Fighting
 * Level 5.4 Axes
 + Level 4.7 Armour
 - Level 3.2 Shields


You had 5 spell levels left.
You didn't know any spells.


You were on level 5 of the Dungeon.
You were not hungry.

You visited 1 branch of the dungeon, and saw 6 of its levels.

You collected 55 gold pieces.

* * # .## ## #. #... #.
, ##.#* ..#* .. #...##
##.# ,.## *
......#####..# ...#
,........##...# #...###
*
............#####).....#
*
......o@....##.)>.......
...........#.......####.
*#.....#..........###
##..............##
###.....#.......###
#....###........###
#..... #..........###
**.......#.............
,..........##.....

Notes
Turn   | Place    | Note
--------------------------------------------------------------
     0 | D:1      | ololoev the Deep Dwarf Fighter began the quest for the Orb.
     0 | D:1      | Reached XP level 1. HP: 20/20 MP: 1/1
    92 | D:2      | Noticed Terence
   114 | D:2      | Killed Terence
   114 | D:2      | Reached XP level 2. HP: 24/28 MP: 2/2
   114 | D:2      | Reached XP level 3. HP: 29/34 MP: 3/3
   175 | D:2      | Noticed Ijyb
   176 | D:2      | Found a bloodstained altar of Trog.
   198 | D:2      | Killed Ijyb
   198 | D:2      | Reached XP level 4. HP: 28/42 MP: 4/4
   224 | D:2      | Reached skill level 4 in Armour
   228 | D:2      | Found a blossoming altar of Fedhas.
   368 | D:5      | Entered Level 5 of the Dungeon
   368 | D:5      | Noticed a sky beast
   395 | D:5      | Killed a sky beast
   395 | D:5      | Reached XP level 5. HP: 32/50 MP: 4/4
   414 | D:3      | Found an iron altar of Okawaru.
   626 | D:5      | Noticed an ogre
   775 | D:5      | Killed an ogre
   775 | D:5      | Reached skill level 5 in Axes
   775 | D:5      | Reached XP level 6. HP: 36/57 MP: 4/4
   863 | D:5      | Killed from afar by an orc priest

Dungeon Overview and Level Annotations

Branches:
Dungeon (6/15)
 Temple: D:4-7

Altars:
Fedhas
Okawaru
Trog


Message History

You hit the orc.
You kill the orc!
You hit the orc but do no damage.
The orc is moderately wounded.
The orc hits you but does no damage.
You slash the orc!
The orc is almost dead.
The orc hits you but does no damage.
You closely miss the orc.
The orc is almost dead.
You block the orc's attack.
You slash the orc!
You kill the orc!
Things that are here:
a morningstar; a ring mail An orc priest comes into view.
It is wielding a war axe.
The orc priest shouts!
You hit the orc priest.
The orc priest is moderately wounded.
You block the orc priest's attack.
You completely miss the orc priest.
The orc priest is moderately wounded.
The orc priest miscasts a cantrip.
The orc priest hits you but does no damage.
You hit the orc priest.
The orc priest is moderately wounded.
The orc priest hits you with a war axe.
You completely miss the orc priest.
The orc priest is moderately wounded.
The orc priest mumbles some strange prayers to Beogh against you.
Something smites you!
You closely miss the orc priest.
The orc priest is moderately wounded.
The orc priest invokes the aid of Beogh against you.
Something smites you!
You barely miss the orc priest.
The orc priest is moderately wounded.
The orc priest invokes the aid of Beogh against you.
Pain shoots through your body!
You die...

You could see an orc priest.

Vanquished Creatures
  A sky beast (D:5)
  An ogre (D:5)
  A giant frog zombie (D:5)
  Ijyb (D:2)
  Terence (D:2)
  A hound (D:4)
  4 adders
  4 giant geckos
  7 orcs
  3 bats
  A giant cockroach (D:2)
  3 hobgoblins (D:2)
  2 kobolds (D:2)
  3 quokkas
  A goblin (D:3)
  6 rats
40 creatures vanquished.

Action                   |  1- 3 |  4- 6 || total
-------------------------+-------+-------++-------
Melee: War axe           |    71 |   111 ||   182
Throw: Javelin           |       |     3 ||     3
 Abil: Device Recharging |       |     3 ||     3
Evoke: Wand              |     3 |    13 ||    16

Vault maps used:
D:1:      ncdulo_watergridlock, serial_bayou_pond_b,
          hangedman_decor_clover_reticule
D:2:      grunt_temple_overflow_open, serial_bayou_lagoon_a, uniq_terence,
          uniq_iyjb
D:3:      okawaru_ov_weapons_minmay, first_bread, grunt_decor_one_mirror,
          st_stairs_9
D:5:      lemuel_angel_altar
D:6:      corexii_shantytown
